 Dungeon Crawl Stone Soup version 0.27.1-1-g398f81649c (webtiles) character file.

Game seed: 9149509504688676420

135 speeev33 the Skirmisher (level 5, -1/47 HPs)
             Began as a Hill Orc Fighter on Sept 5, 2021.
             Killed from afar by Sigmund (6 damage)
             ... with a puff of flame
             ... on level 3 of the Dungeon.
             The game lasted 00:02:21 (1847 turns).

speeev33 the Skirmisher (Hill Orc Fighter)          Turns: 1847, Time: 00:02:23

Health: -1/47      AC:  9    Str: 20    XL:     5   Next: 18%
Magic:  5/5        EV: 11    Int:  8    God:
Gold:   34         SH:  9    Dex: 10    Spells: 4/4 levels left

rFire    . . .     SeeInvis .   a - +1 war axe
rCold    . . .     Faith    .   c - +0 kite shield
rNeg     . . .     Spirit   .   b - +0 scale mail
rPois    .         Reflect  .   (no helmet)
rElec    .         Harm     .   j - +0 cloak
rCorr    .         Rampage  .   (no gloves)
Will     .....                  n - +0 pair of boots
Stlth    ..........             (no amulet)
HPRegen  0.15/turn              e - +4 ring of evasion
MPRegen  0.09/turn              (no ring)

@: no status effects
A: no striking features
a: no special abilities


You were on level 3 of the Dungeon.
You visited 1 branch of the dungeon, and saw 3 of its levels.

You collected 34 gold pieces.

Inventory:

Hand Weapons
 a - a +1 war axe (weapon)
Missiles
 l - a throwing net (quivered)
Armour
 b - a +0 scale mail (worn)
 c - a +0 kite shield (worn)
 j - a +0 cloak (worn)
 n - a +0 pair of boots (worn)
Jewellery
 e - a +4 ring of evasion (left hand)
 k - a ring of fire
Scrolls
 g - a scroll of identify
 h - a scroll of enchant weapon
Potions
 f - a potion of degeneration
 i - 2 potions of curing
 m - a potion of brilliance {unknown}


   Skills:
 + Level 4.9 Fighting
 + Level 4.5 Axes
 - Level 3.2 Armour
 + Level 4.4 Shields


You had 4 spell levels left.
You didn't know any spells.
Your spell library was empty.

Dungeon Overview and Level Annotations

Branches:
Dungeon (3/15)

Altars:
Trog

Annotations:
D:3 Sigmund


Message History

No target in view!
No target in view!
You see here an adder corpse.
You see here a +0 dagger.
Sigmund the Dreaded comes into view.
He is wielding a +2 vorpal scythe.
Sigmund gestures wildly while chanting.
Sigmund flickers and vanishes!
Deactivating autopickup; reactivate with Ctrl-A.
No target in view!
Something hits you!
You closely miss something. Something hits you.
You slash something! Something hits you but does no damage.
You miss something.
You hear some strange, mumbled words.
You are confused.
You're too confused to move!
Something hits you.
You bump into the rock wall.
You completely miss something. Something hits you but does no damage.
You bump into the rock wall.
Something hits you.
You bump into the rock wall.
You feel less confused. Something hits you!
* * * LOW HITPOINT WARNING * * *
x2 You closely miss something.
Something hits you but does no damage.
You slash something!
You hear some strange, mumbled words.
A magic dart appears from out of thin air!
The magic dart hits you but does no damage.
You closely miss something. You completely miss something.
Something hits you but does no damage.
You closely miss something. Something hits you.
* * * LOW HITPOINT WARNING * * *
x2 You miss something.
You hear some strange, mumbled words.
A puff of flame appears from out of thin air!
The puff of flame misses you.
You hear some strange, mumbled words.
A puff of flame appears from out of thin air!
The puff of flame hits you.
You die...

#########
####......)##
............#
###.........##
...#.........#######
..##............@{.#
...#.......#.#####.#
............## ..
#.#..#......# #.#
.....#......# #
..##........#
#.####......#
..####......#
#......######


There were no monsters in sight!

Vanquished Creatures
  A scorpion (D:3)
  3 adders
  A worm (D:2)
  A dart slug (D:1)
  3 ball pythons
  4 bats
  5 endoplasms
  4 giant cockroaches
  3 hobgoblins (D:1)
  2 quokkas
  7 frilled lizards
  8 goblins
  A kobold (D:1)
  5 rats
48 creatures vanquished.

Notes
Turn   | Place    | Note
-------+----------+-------------------------------------------
     0 | D:1      | speeev33 the Hill Orc Fighter began the quest for the Orb.
     0 | D:1      | Reached XP level 1. HP: 19/19 MP: 1/1
   212 | D:1      | Reached XP level 2. HP: 25/27 MP: 2/2
   491 | D:1      | Reached XP level 3. HP: 33/33 MP: 3/3
  1432 | D:3      | Found a bloodstained altar of Trog.
  1490 | D:3      | Reached XP level 4. HP: 38/41 MP: 4/4
  1559 | D:3      | Noticed a scorpion
  1576 | D:3      | Killed a scorpion
  1577 | D:3      | Reached XP level 5. HP: 26/47 MP: 5/5
  1829 | D:3      | Noticed Sigmund
  1847 | D:3      | Killed from afar by Sigmund

Illustrated notes

Levels and vault maps discovered:
D:1:      ncdulo_wetmaze, layout_loops_ring, minmay_crystal_water, hex_large,
          minmay_misc_feat_rugged, minmay_distorted
D:2:      layout_rooms, st_stairs_11
D:3:      layout_loops_cross, overflow_temple_1_default, serial_shops, shop,
          uniq_sigmund

Skill      XL: |  1  2  3  4 |
---------------+-------------+-----
Axes           | 3 4 |  4.5
Fighting       | 4 |  4.9
Shields        | 4 |  4.4
Armour         | |  3.2

Action                   |  1- 3 |  4- 6 || total
-------------------------+-------+-------++-------
Melee: War axe           |   107 |    28 ||   135
  Use: Scroll            |     6 |       ||     6
       Potion            |       |     1 ||     1
Armor: Scale mail        |    36 |    11 ||    47
Dodge: Dodged            |    49 |    15 ||    64
Block: Kite shield       |    59 |    10 ||    69
